 Dungeon Crawl Stone Soup version 0.27-a0-1312-g5cdb2b3542 (webtiles) character file.

Game seed: 214346766768604147

607 bande the Chopper (level 7, -11/58 HPs)
             Began as a Palentonga Fighter on June 21, 2021.
             Mangled by an ogre (19 damage)
             ... on level 4 of the Dungeon.
             The game lasted 00:09:05 (7311 turns).

bande the Chopper (Palentonga Fighter)              Turns: 7311, Time: 00:09:06

Health: -11/58     AC: 17    Str: 20    XL:     7   Next: 19%
Magic:  7/7        EV:  2    Int:  8    God:
Gold:   164        SH: 10    Dex: 11    Spells: 5/6 levels left

rFire    . . .     SeeInvis +   a - +0 war axe
rCold    . . .     Faith    .   c - +1 kite shield
rNeg     . . .     Spirit   .   e - +0 plate armour
rPois    .         Reflect  .   (no helmet)
rElec    .         Harm     .   h - +0 cloak
rCorr    .         Rampage  .   (no gloves)
Will     .....                  (no barding)
Stlth    ..........             (no amulet)
HPRegen  0.19/turn              (no ring)
MPRegen  0.10/turn              (no ring)

@: mighty, brilliant, curled up
A: large, rugged brown scales 3, see invisible, deformed body, roll 1, armoured
tail, reflexive curl
a: Rolling Charge


You were on level 4 of the Dungeon.
You visited 1 branch of the dungeon, and saw 5 of its levels.

You collected 164 gold pieces.

Inventory:

Hand Weapons
 a - a +0 war axe (weapon)
Armour
 c - a +1 kite shield (worn)
 e - a +0 plate armour (worn)
 f - a +0 tower shield
 h - a +0 cloak (worn)
Jewellery
 j - a ring of protection from fire
 k - a ring of ice
Scrolls
 b - 2 scrolls of fog
 g - 2 scrolls of magic mapping
 l - a scroll of amnesia {unknown}
 m - a scroll of torment {unknown}
 n - a scroll of identify


   Skills:
 + Level 4.4 Fighting
 + Level 5.1 Axes
 + Level 3.8 Armour
 + Level 0.5 Dodging
 + Level 3.3 Shields
 * Level 1.9 Translocations


You had 5 spell levels left.
You knew the following spells:

 Your Spells              Type           Power      Damage    Failure   Level
a - Apportation           Tloc           8%         N/A       100%        1

Your spell library contained the following spells:

 Spells                   Type           Power      Damage    Failure   Level
 Animate Skeleton         Necr           0%         N/A       100%        1
 Corona                   Hex            0%         N/A       100%        1
 Summon Small Mammal      Summ           0%         N/A       100%        1
 Confusing Touch          Hex            0%         N/A       100%        3
 Gell's Gravitas          Tloc           2%         N/A       100%        3
 Petrify                  Tmut/Erth      0%         N/A       100%        4
 Metabolic Englaciation   Hex/Ice        0%         N/A       100%        5
 Yara's Violent Unravell  Hex/Tmut       0%         3d3       100%        5


Dungeon Overview and Level Annotations

Branches:
Dungeon (5/15)
 Temple: D:4-7

Altars:


Innate Abilities, Weirdness & Mutations

You are completely covered in rugged brown scales. (AC +3, +7% HP)
You have supernaturally acute eyesight. (SInv)
Armour fits poorly on your strangely shaped body.
You can roll at nearby foes to attack.
You have a long armoured tail.
You curl defensively after being hit.


Message History

There is a stone staircase leading up here.
The centaur shoots an arrow.
You block the arrow.
You climb upwards.
There is a stone staircase leading down here.
You start resting.
You start resting.
HP restored.
You start waiting.
Done waiting.
You climb downwards.
You hear the hiss of flowing sand.
There is an entrance to an ossuary on this level.
Hurry and find it before the portal is buried!
You hear the brisk hiss of an avalanche of sand very nearby.
The centaur shoots an arrow.
The arrow hits you. The ogre hits you with a +0 giant club!
The centaur shoots an arrow.
The arrow hits you but does no damage. The ogre hits you with a +0 giant club!
There is a stone staircase leading up here.
The centaur shoots an arrow.
The arrow hits you!
The centaur shoots an arrow.
The arrow hits you.
You climb upwards.
There is a stone staircase leading down here.
You barely miss the ogre. You tail-slap the ogre.
The ogre is lightly wounded.
You block the ogre's attack.
You slash the ogre! You tail-slap the ogre.
The ogre is heavily wounded.
You block the ogre's attack.
Your plate armour prevents you from hitting the ogre.
The ogre is heavily wounded.
The ogre hits you with a +0 giant club!!
* * * LOW HITPOINT WARNING * * *
You block the ogre's attack.
It was a potion of brilliance.
You feel clever all of a sudden.
You feel very mighty all of a sudden. The ogre barely misses you.
You barely miss the ogre.
The ogre is heavily wounded.
The ogre hits you with a +0 giant club!!
You die...

#.# #.# #.......#####.# #.# #.#
#..........##.# #.# #.#
#.##...###.##.# ####.#
##.###.####.# #.##.#
######....###........##.###.##.#
##...##.#####.........##........#
#..#..#...................##.####
#.###...#####.........##..##.#
...#...........O@.........##.#
##...##.#######.#.#..........#
##.###.# ###.#######.####
#.###.#########.# #)#
#.##............# #.#
#.##..########### #.# #.##.[# #[#
#.##..# #.# #.##..# #.#


You could see an ogre.

Vanquished Creatures
  An ogre (D:4)
  2 scorpions (D:4)
  A water moccasin skeleton (D:4)
  2 jellies
  An orc priest (D:4)
  An iguana (D:4)
  9 gnolls
  4 adders
  An adder skeleton (D:4)
  4 worms
  14 orcs
  3 ball pythons
  6 endoplasms
  A giant cockroach (D:4)
  4 goblins
  7 hobgoblins
  10 jackals
  11 kobolds
  5 quokkas
  8 bats
  A frilled lizard (D:3)
  6 rats
102 creatures vanquished.

Vanquished Creatures (others)
  7 plants (D:1)
  7 withered plants (D:1)
14 creatures vanquished.

Grand Total: 116 creatures vanquished

Notes
Turn   | Place    | Note
-------+----------+-------------------------------------------
     0 | D:1      | bande the Palentonga Fighter began the quest for the Orb.
     0 | D:1      | Reached XP level 1. HP: 19/19 MP: 1/1
   158 | D:1      | Found a faded altar of an unknown god.
   286 | D:1      | Reached XP level 2. HP: 15/25 MP: 2/2
  1231 | D:1      | Reached XP level 3. HP: 31/31 MP: 3/3
  1646 | D:2      | Reached skill level 3 in Axes
  2089 | D:2      | Reached XP level 4. HP: 26/37 MP: 4/4
  2703 | D:3      | Reached XP level 5. HP: 9/43 MP: 5/5
  3805 | D:3      | Reached skill level 4 in Axes
  4358 | D:3      | Learned a level 1 spell: Apportation
  4957 | D:4      | Reached XP level 6. HP: 45/51 MP: 6/6
  5967 | D:4      | Reached skill level 1 in Translocations
  6572 | D:4      | Reached skill level 5 in Axes
  6572 | D:4      | Gained mutation: You curl defensively after being hit.
                  | [Palentonga growth]
  6572 | D:4      | Reached XP level 7. HP: 33/58 MP: 7/7
  6940 | D:5      | Entered Level 5 of the Dungeon
  7311 | D:4      | Mangled by an ogre

Illustrated notes

Levels and vault maps discovered:
D:1:      minmay_arrival_plants_in_alcoves, layout_basic,
          shapermc_ecumenical_altar_flowoftime, st_stairs_11
D:2:      layout_loops_corners
D:3:      layout_basic, minmay_box_of_dots
D:4:      layout_loops_ring, serial_bayou_pond_d
D:5:      layout_basic, nicolae_ossuary_entry_catacombs,
          eino_small_chamber_without_monster, eino_tiny_chamber,
          uniq_blork_the_orc, uniq_crazy_yiuf_cottage

Skill      XL: |  1  2  3  4  5  6 |
---------------+-------------------+-----
Axes           | 3 4 5 |  5.1
Armour         | 3 |  3.8
Shields        | 3 |  3.3
Translocations | 1 |  1.9
Fighting       | 4 |  4.4
Dodging        | |  0.5

Action                   |  1- 3 |  4- 6 |  7- 9 || total
-------------------------+-------+-------+-------++-------
Melee: War axe           |   126 |   192 |    21 ||   339
       Tailslap          |    15 |    22 |     4 ||    41
  Use: Potion            |     2 |       |     2 ||     4
       Scroll            |     1 |     3 |       ||     4
Armor: Plate armour      |    89 |   148 |    15 ||   252
       Scale mail        |     6 |       |       ||     6
Dodge: Dodged            |     9 |    16 |     2 ||    27
Block: Kite shield       |    63 |   123 |    18 ||   204

Table legend: (Time is in decaauts)
 A = Elapsed time spent in this place.
 B = Non-inter-level travel time spent in this place.
 C = Inter-level travel time spent in this place.
 D = Time resting spent in this place.
 E = Time spent auto-exploring this place.
 F = Levels seen in this place.
 G = Mean time per level.
                   A        B        C        D        E       F      G
               +--------+--------+--------+--------+--------+-----+--------+
         Total |   7497 |   7477 |     20 |   2919 |   3478 |   5 | 1499.4 |
       Dungeon |   7497 |   7477 |     20 |   2919 |   3478 |   5 | 1499.4 |
               +--------+--------+--------+--------+--------+-----+--------+

Top non-repeatable levels by time:
     D:3: 2635 daAuts
     D:2: 1772 daAuts
     D:4: 1715 daAuts
     D:1: 1360 daAuts
     D:5: 14 daAuts
